 Dungeon Crawl Stone Soup version 0.30.1-9-gdf580d7c3d (webtiles) character file.

Game seed: 5244144541861111342

80021 Wiggles the Severer (level 15, -2/141 HPs)
             Began as a Minotaur Berserker on Oct 9, 2023.
             Was a High Priest of Trog.
             Slain by a 19-headed hydra (7 damage)
             ... on level 15 of the Dungeon.
             The game lasted 00:34:08 (19846 turns).

Wiggles the Severer (Minotaur Berserker)           Turns: 19846, Time: 00:34:08

Health: -2/141     AC: 31    Str: 28    XL:     15   Next: 22%
Magic:  14/14      EV:  9    Int:  4    God:    Trog [*****.]
Gold:   1000       SH: 17    Dex: 11    Spells: 14/14 levels left

rFire   . . .        x - +3 war axe (spect)
rCold   . . .        T - +0 tower shield
rNeg    . . .        b - +0 plate armour
rPois   .            (helmet restricted)
rElec   .            y - +2 cloak
rCorr   .            i - +2 pair of gloves
SInv    +            u - +2 pair of boots
Will    +....        A - amulet of the acrobat Stlth
                     p - ring of see invisible
HPRegen 0.43/turn    r - +4 ring of protection
MPRegen 0.14/turn

%: acrobat
@: no status effects
A: horns 2, retaliatory headbutt
a: Renounce Religion, Berserk, Trog's Hand, Brothers in Arms


You were on level 15 of the Dungeon.
You worshipped Trog.
Trog was extremely pleased with you.
You visited 3 branches of the dungeon, and saw 21 of its levels.

You collected 1616 gold pieces.
You spent 616 gold pieces at shops.

Inventory:

Hand Weapons
 m - a +0 heavy battleaxe
 x - a +3 spectral war axe (weapon)
 O - a +2 heavy broad axe
Armour
 b - a +0 plate armour (worn)
 i - a +2 pair of gloves (worn)
 u - a +2 pair of boots (worn)
 y - a +2 cloak (worn)
 T - a +0 tower shield (worn)
Jewellery
 p - a ring of see invisible (left hand)
 r - a +4 ring of protection (right hand)
 A - an amulet of the acrobat (around neck)
 P - a ring of flight
 V - a ring of resist corrosion
Wands
 j - a wand of flame (47)
 l - a wand of polymorph (22)
 t - a wand of charming (22)
 v - a wand of digging (7)
 R - a wand of light (10)
Scrolls
 c - 11 scrolls of identify
 f - 2 scrolls of magic mapping
 g - a scroll of enchant armour
 k - 14 scrolls of teleportation
 q - 4 scrolls of poison
 M - a scroll of blinking
 N - 2 scrolls of fog
 X - a scroll of enchant weapon
 Y - 3 scrolls of fear
Potions
 d - 9 potions of curing
 e - 4 potions of flight
 n - 3 potions of resistance
 o - 4 potions of lignification
 s - a potion of ambrosia
 w - 4 potions of mutation
 z - 2 potions of haste
 E - 2 potions of might
 F - 2 potions of berserk rage
 G - 6 potions of heal wounds
 I - 4 potions of cancellation
 W - 2 potions of magic
Miscellaneous
 a - a phantom mirror
 Q - a lightning rod (4/4)
 Z - a phial of floods


   Skills:
 + Level 15.0 Fighting
 + Level 18.4 Axes
 + Level 14.2 Armour
 + Level 8.8 Dodging
 + Level 5.5 Stealth
 + Level 14.3 Shields
 + Level 0.2 Evocations


You had 14 spell levels left.
You didn't know any spells.
Your spell library was empty.

Dungeon Overview and Level Annotations

Branches:
Dungeon (15/15)            Temple (1/1) D:6            Lair (5/5) D:10
 Shoals (0/4) Lair:2        Snake (0/4) Lair:2        Slime (0/5) Lair:4
    Orc (0/2) D:9          Vaults (0/5) D:14         Depths (0/4) D:15

Altars:
Cheibriados
Dithmenos
Fedhas
Hepliaklqana
Kikubaaqudgha
Okawaru
Qazlal
Ru
Trog
Uskayaw
Vehumet
Xom
Yredelemnul
Zin
The Shining One
Jiyva

Shops:
D:5 [   D:7 *   D:8 :   D:10 !

Portals:
Trove: D:14 (give +4 fire dragon scales)

Annotations:
D:5 3 runed translucent doors, booth's ghost, novice DsWn


Innate Abilities, Weirdness & Mutations

You have a pair of horns on your head.
You reflexively headbutt those who attack you in melee.


Message History

The 19-headed hydra is severely wounded.
Your +3 spectral war axe hits the 19-headed hydra.
Your +3 spectral war axe slices one of the 19-headed hydra's heads off!
The 18-headed hydra grows two more!
The 20-headed hydra bites you but does no damage.
You block the 20-headed hydra's attack. x2; The 20-headed hydra bites you.
* * * LOW HITPOINT WARNING * * *
The 20-headed hydra bites you!
* * * LOW HITPOINT WARNING * * *
The 20-headed hydra bites you but does no damage.
You block the 20-headed hydra's attack. x3
The 20-headed hydra closely misses you.
The 20-headed hydra bites you but does no damage. x3
The 20-headed hydra bites you!
* * * LOW HITPOINT WARNING * * *
You block the 20-headed hydra's attack.
The 20-headed hydra bites you but does no damage. x5
You hit the 20-headed hydra.
The 20-headed hydra is severely wounded.
Your +3 spectral war axe hits the 20-headed hydra!!
Your +3 spectral war axe lops one of the 20-headed hydra's heads off!
The 19-headed hydra closely misses your +3 spectral war axe.
The 19-headed hydra bites your +3 spectral war axe!
Your spectral weapon shares its damage with you!
* * * LOW HITPOINT WARNING * * *
The 19-headed hydra bites your +3 spectral war axe!
Your spectral weapon shares its damage with you!
Your +3 spectral war axe disappears.
* * * LOW HITPOINT WARNING * * *
You block the 19-headed hydra's attack. The 19-headed hydra barely misses you.
You block the 19-headed hydra's attack. x2
The 19-headed hydra barely misses you. The 19-headed hydra closely misses you.
You block the 19-headed hydra's attack. x2
The 19-headed hydra bites you but does no damage.
You block the 19-headed hydra's attack.
The 19-headed hydra bites you but does no damage.
The 19-headed hydra barely misses you.
The 19-headed hydra bites you but does no damage. x2
The 19-headed hydra bites you!
You die...

#### ..# ..# #.
##.####># #. #..D...#
#.. #≈@# #)..#..# #
#...#$####.###
#......#......
+....≈...≈.#
#......#####
#.....#....# ...
#.....#....# ...... ###
#.....#....#.......##..


You could see a 19-headed hydra.

Vanquished Creatures
  An acid blob (Lair:4)
  Azrael (D:15)
  2 hydras (Lair:5)
  A rakshasa (D:15)
  6 centaur warriors
  3 death yaks (D:10)
  A catoblepas (Lair:3)
  2 dancing weapons (D:14)
  5 boulder beetles
  2 death knights
  2 two-headed ogres (D:12)
  A skyshark (Lair:2)
  A skeletal warrior (D:13)
  A deep elf pyromancer (D:14)
  2 lindwurms
  A wolf spider (Lair:5)
  The ghost of laqueoix the Thaumaturge, a novice DECj of Vehumet (D:8)
  3 cyclopes
  10 elephants
  3 manticores
  9 black mambas
  2 ugly things
  A guardian serpent (Lair:5)
  Joseph (D:7)
  15 cane toads
  An unseen horror (D:12)
  A torpor snail (Lair:5)
  An unseen horror zombie (D:10)
  Psyche (D:9)
  8 rime drakes
  2 komodo dragons (Lair:5)
  3 freezing wraiths
  2 efreet
  4 hornets
  A meliai (shapeshifter) (D:14)
  2 trolls
  14 polar bears
  A wolf spider simulacrum (D:14)
  A snapping turtle (Lair:2)
  Prince Ribbit (D:6)
  9 blink frogs
  A raiju (shapeshifter) (D:13)
  6 dream sheep (Lair:5)
  A meliai zombie (D:10)
  6 wraiths
  Eustachio (D:6)
  5 shadows
  3 vampires
  A water elemental (D:11)
  3 fire elementals
  9 slime creatures
  12 spriggans (Lair:2)
  8 basilisks
  25 wyverns
  28 yaks
  Grum (D:9)
  A steam dragon (D:9)
  2 redbacks (Lair:5)
  4 vampire mosquitoes (D:13)
  4 wargs (Lair:5)
  6 nagas (Lair:2)
  21 hell hounds
  3 acid dragons
  26 water moccasins
  3 orc warriors
  14 black bears
  2 ogres (D:5)
  3 boggarts (D:9)
  15 centaurs
  A phantom (D:6)
  26 wolves
  A kobold brigand (D:10)
  15 bullfrogs
  A gnoll sergeant (D:11)
  8 wights
  A hornet simulacrum (D:14)
  42 killer bees
  3 howler monkeys
  3 electric eels
  6 centaur zombies (D:10)
  2 hounds (D:5)
  2 jellies (D:6)
  A gnoll bouda (D:6)
  10 orc priests
  An iron imp (D:5)
  6 hell rats
  Jessica (D:2)
  Terence (D:3)
  2 iguanas
  12 orc wizards
  15 gnolls
  7 adders
  3 river rats (D:10)
  2 shadow imps
  3 dart slugs
  59 orcs
  6 ball pythons
  3 bats
  6 endoplasms
  3 giant cockroaches
  3 goblins
  11 hobgoblins
  3 jackals (D:3)
  7 quokkas
  4 frilled lizards (D:2)
  13 kobolds
  5 rats
641 creatures vanquished.

Vanquished Creatures (collateral kills)
  A phantasmal warrior (D:13)
1 creature vanquished.

Vanquished Creatures (others)
  12 spectral weapons
12 creatures vanquished.

Grand Total: 654 creatures vanquished

Notes
Turn   | Place    | Note
-------+----------+-------------------------------------------
     0 | D:1      | Wiggles the Minotaur Berserker began the quest for the Orb.
     0 | D:1      | Reached XP level 1. HP: 19/19 MP: 0/0
   670 | D:1      | Reached skill level 4 in Axes
   670 | D:1      | Reached XP level 2. HP: 27/27 MP: 1/1
  1099 | D:2      | Reached XP level 3. HP: 32/33 MP: 2/2
  1233 | D:2      | Reached ** piety under Trog
  1436 | D:2      | Reached XP level 4. HP: 40/41 MP: 3/3
  1493 | D:2      | Noticed Jessica
  1498 | D:2      | Killed Jessica
  1499 | D:2      | Reached skill level 5 in Axes
  1909 | D:3      | Found a basalt altar of Yredelemnul.
  1909 | D:3      | Noticed Terence
  1918 | D:3      | Killed Terence
  1919 | D:3      | Reached XP level 5. HP: 32/47 MP: 4/4
  2351 | D:3      | Found a large runed translucent door.
  2351 | D:3      | Found a large runed translucent door.
  2352 | D:3      | Found a shimmering altar of Xom.
  2360 | D:3      | Reached *** piety under Trog
  2502 | D:4      | Reached skill level 5 in Fighting
  2811 | D:4      | Reached XP level 6. HP: 9/56 MP: 5/5
  3039 | D:4      | Found a glowing silver altar of Zin.
  3039 | D:4      | Noticed an angel
  3409 | D:5      | Entered Level 5 of the Dungeon
  3481 | D:5      | Reached skill level 6 in Axes
  3581 | D:5      | Found Qunyta's Antique Armour Emporium.
  3598 | D:5      | Reached skill level 5 in Armour
  3716 | D:5      | Reached XP level 7. HP: 50/61 MP: 6/6
  3770 | D:5      | Reached skill level 7 in Axes
  3829 | D:5      | Identified the +7 sling of Cuxy {flame, *Corrode rElec
                  | Str+6}
  3830 | D:5      | Found a runed translucent gate.
  3830 | D:5      | Noticed booth's ghost (novice DsWn)
  3831 | D:5      | Found a runed translucent gate.
  3832 | D:5      | Found a runed translucent gate.
  3888 | D:5      | Found a snail-covered altar of Cheibriados.
  4317 | D:5      | Reached skill level 8 in Axes
  4486 | D:5      | Bought an embroidered scarf for 240 gold pieces
  4606 | D:6      | Noticed Prince Ribbit
  4620 | D:6      | Killed Prince Ribbit
  4621 | D:6      | Reached XP level 8. HP: 25/70 MP: 7/7
  4776 | D:6      | Found a staircase to the Ecumenical Temple.
  4790 | D:6      | Reached skill level 1 in Stealth
  4951 | D:6      | Identified the +6 hand axe of Collusion {speed, MP+9 Int+3
                  | Stlth+}
  4982 | D:6      | Noticed Eustachio
  4990 | D:6      | Reached **** piety under Trog
  5006 | D:6      | Killed Eustachio
  5007 | D:6      | Reached skill level 9 in Axes
  5007 | D:6      | Reached skill level 1 in Shields
  5090 | D:6      | Found a bloodstained altar of Trog.
  5090 | D:6      | Found a sacrificial altar of Ru.
  5117 | D:6      | Found a blossoming altar of Fedhas.
  5120 | D:6      | Found an ancient bone altar of Kikubaaqudgha.
  5122 | D:6      | Found a radiant altar of Vehumet.
  5129 | D:6      | Found an iron altar of Okawaru.
  5615 | Temple   | Entered the Ecumenical Temple
  5653 | D:7      | Reached XP level 9. HP: 73/79 MP: 8/8
  5679 | D:7      | Reached skill level 10 in Axes
  5767 | D:7      | Noticed a two-headed ogre
  5767 | D:7      | Noticed a gargoyle
  5768 | D:7      | Noticed a cyclops
  6005 | D:7      | Noticed Joseph
  6016 | D:7      | Killed Joseph
  6372 | D:7      | Found Eneuber's General Store.
  6380 | D:7      | Bought a wand of flame (18) for 151 gold pieces
  6799 | D:8      | Reached skill level 11 in Axes
  6823 | D:8      | Found Vuxiohy's Book Shoppe.
  7128 | D:8      | Reached ***** piety under Trog
  7523 | D:8      | Found a runed translucent door.
  7523 | D:8      | Noticed laqueoix's ghost (novice DECj)
  7523 | D:8      | Noticed an efreet
  7531 | D:8      | Killed laqueoix's ghost
  7532 | D:8      | Reached skill level 12 in Axes
  7532 | D:8      | Reached XP level 10. HP: 88/88 MP: 9/9
  7596 | D:9      | Noticed Grum
  7605 | D:9      | Killed Grum
  7613 | D:9      | Reached skill level 5 in Dodging
  7850 | D:9      | Noticed Psyche
  7855 | D:9      | Killed Psyche
  7856 | D:9      | Reached skill level 13 in Axes
  7956 | D:9      | Found a staircase to the Orcish Mines.
  8076 | D:10     | Entered Level 10 of the Dungeon
  8510 | D:10     | Reached skill level 5 in Shields
  8665 | D:10     | Noticed a death yak
  8676 | D:10     | Killed a death yak
  8677 | D:10     | Found a staircase to the Lair.
  8844 | D:10     | Noticed a death yak
  8845 | D:10     | Noticed a death yak
  8870 | D:10     | Killed a death yak
  8871 | D:10     | Reached skill level 10 in Armour
  8871 | D:10     | Reached XP level 11. HP: 73/97 MP: 10/10
  8881 | D:10     | Killed a death yak
  8882 | D:10     | Reached skill level 14 in Axes
  9024 | D:10     | Received a gift from Trog
  9201 | D:10     | Reached skill level 10 in Fighting
  9213 | D:10     | Found Kopav's Distillery.
  9220 | D:10     | Bought 2 potions of heal wounds for 150 gold pieces
  9220 | D:10     | Bought a potion of heal wounds for 75 gold pieces
  9657 | D:11     | Reached skill level 15 in Axes
 10171 | D:12     | Noticed a red ugly thing
 10177 | D:12     | Killed a red ugly thing
 10389 | D:12     | Noticed a boulder beetle
 10399 | D:12     | Killed a boulder beetle
 10620 | D:12     | Noticed a two-headed ogre
 10628 | D:12     | Killed a two-headed ogre
 10629 | D:12     | Reached XP level 12. HP: 84/108 MP: 11/11
 10789 | D:12     | Noticed a two-headed ogre
 10796 | D:12     | Killed a two-headed ogre
 11062 | Lair:1   | Entered Level 1 of the Lair of Beasts
 11136 | Lair:1   | Received a gift from Trog
 11242 | Lair:1   | Reached skill level 16 in Axes
 12151 | Lair:2   | Found a staircase to the Snake Pit.
 12270 | Lair:2   | Reached XP level 13. HP: 106/118 MP: 12/12
 12585 | Lair:2   | Identified the +5 trident "Faeboily" {speed, *Corrode rPois
                  | rC+ Dex+5}
 12716 | Lair:2   | Found a staircase to the Shoals.
 13147 | Lair:2   | Reached skill level 17 in Axes
 13155 | Lair:2   | Reached ****** piety under Trog
 13390 | Lair:3   | Received a gift from Trog
 13684 | Lair:3   | Reached skill level 10 in Shields
 14678 | Lair:4   | Found a runed translucent door.
 14679 | Lair:4   | Found a viscous altar of Jiyva.
 14681 | Lair:4   | Found a staircase to the Slime Pits.
 14681 | Lair:4   | Noticed an acid blob
 14695 | Lair:4   | Killed an acid blob
 15188 | Lair:5   | Entered Level 5 of the Lair of Beasts
 15312 | Lair:5   | Identified the +0 leather armour of Dulloept {rPois rC+
                  | rN+}
 15326 | Lair:5   | Received a gift from Trog
 15594 | Lair:5   | Found a shimmering altar of Xom.
 15619 | Lair:5   | Reached XP level 14. HP: 118/129 MP: 13/13
 16445 | Lair:5   | Received a gift from Trog
 16624 | Lair:5   | Reached skill level 5 in Stealth
 17440 | Lair:5   | Reached skill level 18 in Axes
 18006 | D:13     | Received a gift from Trog
 18802 | D:14     | Reached XP level 15. HP: 116/139 MP: 14/14
 18996 | D:14     | Found a hazy altar of Hepliaklqana.
 19083 | D:14     | Found a portal to a secret trove of treasure.
 19153 | D:14     | Found a gate to the Vaults.
 19396 | D:15     | Entered Level 15 of the Dungeon
 19400 | D:15     | Noticed Azrael
 19615 | D:15     | Killed Azrael
 19618 | D:15     | Reached skill level 15 in Fighting
 19810 | D:15     | Found an ancient bone altar of Kikubaaqudgha.
 19832 | D:15     | Found a staircase to the Depths.
 19846 | D:15     | HP: 5/141 [19-headed hydra (6)]
 19846 | D:15     | Slain by a 19-headed hydra

Illustrated notes

Levels and vault maps discovered:
D:1:      lightli_arrival_maybe_door_vault, layout_basic
D:2:      layout_loops_ring, minmay_gold_behind_fungi, uniq_jessica
D:3:      due_chaos_kobolds, layout_basic, old_standard_altar,
          minmay_fractal_squares_5, uniq_terence
D:4:      layout_loops_ring, zin_angel
D:5:      layout_basic, chei_slow_surprise, serial_shops,
          nicolae_shop_window_shopping, biasface_ghost_orc_armoury,
          minmay_misc_feat_rugged
D:6:      layout_basic, nicolae_overflow_hallway_of_the_gods,
          minmay_temple_entry_waves, uniq_eustachio, uniq_prince_ribbit1
D:7:      layout_basic, serial_shops, nicolae_shop_waterfront,
          lightli_corner_chamber, uniq_joseph
D:8:      layout_loops_ring, ebering_ghost_inner_flame, serial_shops, shop
D:9:      layout_cave_pools, orc_0_dummy, uniq_grum, uniq_psyche
D:10:     layout_loops_corners, dpeg_lair_monsters, serial_shops,
          shop_fountains, special_room [special_room_orc], serial_undead,
          serial_undead_c, serial_undead_a, serial_undead_b, serial_undead_d,
          serial_undead_e
D:11:     layout_basic
D:12:     layout_long_grid
D:13:     layout_basic
D:14:     layout_cave_pools, erik_vaults_1, nicolae_trove_entry_free_sample,
          nicolae_wwwww, minivault_25, nicolae_hepliaklqana_hazy_memory
D:15:     hangedman_depths_entry_try_elsewhere_first, layout_gridville,
          amethyst_killhole, kiku_gazebo_pond_becter, uniq_rupert, uniq_azrael
Temple:   hellmonk_temple_divided_pantheon
Lair:1:   layout_cave_pods
Lair:2:   wad_woods_minihive, layout_hall_layers, minmay_shoals_entry_hut,
          minmay_snake_entry_guardpost_medium, beast_lair_carwin_7
Lair:3:   layout_roguey [special_room_mythical_zoo], minivault_25,
          grunt_megastairs_3
Lair:4:   layout_loops_ring, slime_entry_2, minmay_hedge_maze,
          lemuel_fruit_fields, lemuel_fruit_fields
Lair:5:   hangedman_lair_tendril_chambers, layout_cave_pods,
          hangedman_lair_caniforms_friends, basic_altar, serial_bayou_ford_a

Skill      XL: |  1  2  3  4  5  6  7  8  9 10 11 12 13 14 15 |
---------------+----------------------------------------------+-----
Axes           | 4 5 6 8 9 12 13 15 16 17 18 | 18.4
Fighting       | 4 5 6 7 8 9 10 12 13 14 15 | 15.0
Armour         | 3 4 5 6 7 8 10 11 13 14 | 14.2
Dodging        | 3 4 5 6 7 8 |  8.8
Stealth        | 1 2 3 4 5 |  5.5
Shields        | 2 4 5 6 8 10 13 14 | 14.3
Evocations     | |  0.2

Action                     |  1- 3 |  4- 6 |  7- 9 | 10-12 | 13-15 || total
---------------------------+-------+-------+-------+-------+-------++-------
  Melee: Hand axe          |    83 |   115 |       |       |       ||   198
         Headbutt          |    10 |    18 |    35 |    93 |   127 ||   283
         Punch             |     1 |     1 |       |       |       ||     2
         War axe           |       |    17 |   196 |   441 |   553 ||  1207
 Invoke: Berserk           |       |     2 |     1 |     2 |     3 ||     8
         Brothers in Arms  |       |       |       |       |     2 ||     2
  Evoke: Wand              |       |       |       |     1 |     1 ||     2
    Use: Scroll            |       |       |    28 |     7 |     1 ||    36
         Potion            |       |       |       |       |     6 ||     6
   Stab: Distracted        |       |       |     2 |    10 |    11 ||    23
 Armour: Chain mail        |    46 |   108 |    67 |   162 |   266 ||   649
         Animal skin       |     1 |       |       |       |       ||     1
         Plate armour      |       |       |       |       |    73 ||    73
  Dodge: Dodged            |    44 |    79 |    71 |   168 |   331 ||   693
  Block: Kite shield       |       |     8 |    67 |   147 |    49 ||   271
         Tower shield      |       |       |       |       |   502 ||   502
